 Dungeon Crawl Stone Soup version 0.25-a0-292-gaa31f046c4 (webtiles) character file.

Game seed: 8064699470812820290, levelgen mode: classic

469 Borgoz the Shield-Bearer (level 7, 0/48 HPs)
             Began as a Halfling Fighter on Dec 16, 2019.
             Slain by an orc warrior
             ... wielding a +0 long sword
              (13 damage)
             ... on level 4 of the Dungeon.
             The game lasted 00:06:23 (4640 turns).

Borgoz the Shield-Bearer (Halfling Fighter)         Turns: 4640, Time: 00:06:24

Health: 0/48       AC:  7    Str: 19    XL:     7   Next: 30%
Magic:  0/7        EV:  9    Int:  6    God:
Gold:   137        SH: 10    Dex: 14    Spells: 6/6 levels left

rFire    . . .     SeeInvis .   b - +1 short sword (speed)
rCold    + . .     Gourm    .   c - +0 shield
rNeg     . . .     Faith    .   u - +0 scale mail
rPois    .         Spirit   +   (no helmet)
rElec    .         Reflect  .   n - scarf {Spirit}
rCorr    .         Harm     .   (no gloves)
MR       .....                  (no boots)
Stlth    ..........             (no amulet)
HPRegen  0.16/turn              l - ring of protection from cold
MPRegen  0.10/turn              (no ring)

@: no status effects
A: small, mutation resistance 1
a: no special abilities


You were on level 4 of the Dungeon.
You were not hungry.

You visited 1 branch of the dungeon, and saw 5 of its levels.

You collected 137 gold pieces.

Inventory:

Hand Weapons
 a - a +0 rapier
 b - a +1 short sword of speed (weapon)
Armour
 c - a +0 shield (worn)
 n - a scarf of spirit shield (worn)
 u - a +0 scale mail (worn)
 w - a +1 cloak of poison resistance
Jewellery
 l - a ring of protection from cold (left hand)
 m - an uncursed ring of fire
Wands
 v - a wand of polymorph (10)
 x - a wand of paralysis (9)
Scrolls
 e - a scroll of immolation {unknown}
 g - 2 scrolls of remove curse
 i - 2 scrolls of blinking
 j - 2 scrolls of identify {unknown}
 k - a scroll of magic mapping {unknown}
 o - a scroll of teleportation {unknown}
 p - 2 scrolls of enchant weapon
 r - a scroll of enchant armour {unknown}
 s - 2 scrolls of fog {unknown}
Potions
 d - 3 potions of might
 q - a potion of haste {unknown}
 t - 4 potions of berserk rage {unknown}
Comestibles
 f - 4 rations
 h - 5 chunks of flesh


   Skills:
 + Level 4.2 Fighting
 + Level 4.8 Short Blades
 + Level 5.0 Armour
 + Level 5.1 Shields


You had 6 spell levels left.
You didn't know any spells.
Your spell library was empty.

Dungeon Overview and Level Annotations

Branches:
Dungeon (5/15)
 Temple: D:4-7

Altars:
Fedhas
Gozag
Okawaru
Qazlal
Sif Muna

Annotations:
D:4 exclusion: oklob plant


Innate Abilities, Weirdness & Mutations

You are small and have problems with some larger weapons.
You are somewhat resistant to further mutation.


Message History

The orc warrior hits you with a +0 long sword!
You are too injured to fight recklessly!
You are too injured to fight recklessly!
You are too injured to fight recklessly!
You are too injured to fight recklessly!
You are too injured to fight recklessly!
You are too injured to fight recklessly!
You are too injured to fight recklessly!
You closely miss the orc warrior.
The orc warrior is heavily wounded.
You hit the orc warrior but do no damage.
The orc warrior is heavily wounded.
The orc warrior hits you with a +0 long sword!
* * * LOW HITPOINT WARNING * * *
You hit the orc warrior.
The orc warrior is severely wounded.
You hit the orc warrior but do no damage.
The orc warrior is severely wounded.
The orc warrior hits you with a +0 long sword!
You die...

##### #......######......#...#
รท.# ##.)...######.#.####...#
..######..#......##..#..# #####
#.#......##...(#.#..###.########
.##.########.#.......#.....<...#
..### #.#.......#.........# #.#
#######.#.................# ..#
##.....)...[o....#.........#
.####..########.@....#.........#
##....## #.######.........#
####### #.## #.........#
###############..# ###########
.................#
....###########..#### ....#####
##....######
........########..#......#
....###..................#


You could see an orc warrior.

Vanquished Creatures
  An ice beast (D:4)
  A big kobold (D:3)
  A jelly (D:4)
  2 orc priests
  A worker ant (D:4)
  6 adders
  4 gnolls
  3 adder skeletons (D:4)
  A worm (D:4)
  4 dart slugs
  3 leopard geckos
  14 orcs
  4 bats
  2 giant cockroaches
  4 goblins
  4 hobgoblins
  A quokka (D:4)
  6 frilled lizards
  13 kobolds
  6 rats
81 creatures vanquished.

Notes
Turn   | Place    | Note
-------+----------+-------------------------------------------
     0 | D:1      | Borgoz the Halfling Fighter began the quest for the Orb.
     0 | D:1      | Reached XP level 1. HP: 15/15 MP: 1/1
    94 | D:1      | Reached XP level 2. HP: 20/20 MP: 2/2
   234 | D:1      | Reached XP level 3. HP: 22/25 MP: 3/3
   968 | D:2      | Found an opulent altar of Gozag.
   993 | D:2      | Reached XP level 4. HP: 24/31 MP: 2/4
  1132 | D:2      | Found a shimmering blue altar of Sif Muna.
  1938 | D:3      | Reached XP level 5. HP: 7/36 MP: 2/5
  2259 | D:3      | Noticed a big kobold
  2311 | D:3      | Killed a big kobold
  2311 | D:3      | Reached XP level 6. HP: 36/42 MP: 4/6
  2562 | D:3      | Found a stormy altar of Qazlal.
  3077 | D:4      | Found a stormy altar of Qazlal.
  3210 | D:4      | Found a blossoming altar of Fedhas.
  3232 | D:4      | Noticed an oklob plant
  4002 | D:4      | Found an iron altar of Okawaru.
  4011 | D:4      | Got a transparent mace
  4012 | D:4      | Identified the +5 mace of Descent {crush, rPois Dex+3} (You
                  | found it on level 4 of the Dungeon)
  4233 | D:5      | Entered Level 5 of the Dungeon
  4233 | D:5      | Noticed an orc warrior
  4233 | D:5      | Noticed an ice beast
  4248 | D:4      | Reached XP level 7. HP: 19/48 MP: 2/7
  4496 | D:4      | Reached skill level 5 in Armour
  4496 | D:4      | Reached skill level 5 in Shields
  4640 | D:4      | Slain by an orc warrior

Levels and vault maps discovered:
D:1:      lemuel_arrival_hallway, layout_rooms
D:2:      layout_basic, old_standard_altar, led_sif_pool
D:3:      layout_basic, grunt_qazlal_clouds
D:4:      layout_rooms, okawaru_gym_becter, tgw_fedhas, marbit_many_paths
D:5:      layout_cave_pods, lemuel_crystal_altar, first_ration, uniq_menkaure,
          uniq_duvessa

Skill      XL: |  1  2  3  4  5  6  7 |
---------------+----------------------+-----
Fighting       | 3 4 |  4.2
Short Blades   | 3 4 |  4.8
Armour         | 4 5 |  5.0
Shields        | 4 5 |  5.1

Action                   |  1- 3 |  4- 6 |  7- 9 || total
-------------------------+-------+-------+-------++-------
Melee: Rapier            |    76 |    29 |       ||   105
       Short sword       |       |   301 |    73 ||   374
Evoke: Wand              |       |     1 |       ||     1
  Use: Potion            |       |     4 |       ||     4
       Scroll            |       |     3 |       ||     3
 Stab: Invisible         |       |     2 |       ||     2
       Paralysed         |       |     1 |       ||     1
  Eat: Chunk             |       |    10 |       ||    10
       Ration            |       |       |     1 ||     1
Armor: Scale mail        |    15 |    69 |     4 ||    88
Dodge: Dodged            |    19 |    67 |    11 ||    97
Block: Shield            |    28 |   124 |    25 ||   177

Table legend:
 A = Non-vault XP
 B = Vault XP
 C = Vault XP percentage of total XP
 D = Non-vault monster count
 E = Vault monster count
 F = Vault count percentage of total count
                 A         B        C        D         E       F
            +---------+---------+-------+---------+---------+-------
      Total |     665 |       5 |   0.7 |      80 |       1 |   1.2
            +---------+---------+-------+---------+---------+-------
        D:1 |      53 |       0 |   0.0 |      22 |       0 |   0.0
        D:2 |      36 |       0 |   0.0 |      14 |       0 |   0.0
        D:3 |     244 |       0 |   0.0 |      23 |       0 |   0.0
        D:4 |     332 |       5 |   1.5 |      21 |       1 |   4.5
            +---------+---------+-------+---------+---------+-------
